 Dungeon Crawl Stone Soup version 0.30.1-3-gfc49f6343a (webtiles) character file.

Game seed: 11770911055261488277

370 Heoruswealwe the Magician (level 6, -2/32 HPs)
             Began as a Deep Elf Conjurer on July 30, 2023.
             Killed by divine providence
             ... invoked by an orc priest
              (14 damage)
             ... on level 4 of the Dungeon.
             The game lasted 00:24:30 (2433 turns).

Heoruswealwe the Magician (Deep Elf Conjurer)       Turns: 2433, Time: 00:24:31

Health: -2/32      AC:  4    Str:  4    XL:     6   Next: 42%
Magic:  2/17       EV: 13    Int: 25    God:
Gold:   139        SH:  0    Dex: 19    Spells: 4/18 levels left

rFire   . . .        b - +1 scimitar
rCold   . . .        (no shield)
rNeg    . . .        c - +0 robe
rPois   .            (no helmet)
rElec   .            h - +1 cloak
rCorr   .            (no gloves)
SInv    .            (no boots)
Will    .....        (no amulet)
Stlth   ++           k - +6 ring of dexterity
HPRegen 0.25/turn    (no ring)
MPRegen 0.15/turn

%: no passive effects
@: attractive
A: no striking features
a: no special abilities


You were on level 4 of the Dungeon.
You visited 1 branch of the dungeon, and saw 4 of its levels.

You collected 195 gold pieces.
You spent 56 gold pieces at shops.

Inventory:

Hand Weapons
 b - a +1 scimitar (weapon)
Armour
 c - a +0 robe (worn)
 h - a +1 cloak (worn)
Jewellery
 k - a +6 ring of dexterity (left hand)
Wands
 j - a wand of flame (10)
Scrolls
 a - a scroll of fog
 e - a scroll of fear
 i - a scroll of teleportation
 o - a scroll of torment {unknown}
 p - a scroll of vulnerability {unknown}
Potions
 d - a potion of brilliance {unknown}
 f - 2 potions of might {unknown}
 g - a potion of magic
 l - 2 potions of attraction
 m - a potion of ambrosia {unknown}
 n - 2 potions of curing {unknown}


   Skills:
 - Level 2.4 Dodging
 - Level 2.4 Stealth
 + Level 6.8 Spellcasting
 + Level 6.7 Conjurations


You had 4 spell levels left.
You knew the following spells:

 Your Spells              Type           Power      Damage    Failure   Level
a - Magic Dart            Conj           100%       1d8       1%          1
b - Searing Ray           Conj           84%        2d7       1%          2
c - Dazzling Flash        Conj/Hex       50%        N/A       4%          3
d - Fulminant Prism       Conj/Hex       12%        3d8       17%         4
e - Iskenderun's Mystic   Conj/Tloc      25%        2d7       17%         4

Your spell library contained the following spells:

 Spells                   Type           Power      Damage    Failure   Level


Dungeon Overview and Level Annotations

Branches:
Dungeon (4/15)
 Temple: D:4-7

Altars:

Shops:
D:2 (


Message History

The magic dart hits the orc priest.
The orc priest is lightly wounded.
An orc wizard comes into view. It is wielding a +0 dagger.
The orc priest casts a cantrip, but nothing happens.
The orc wizard casts a spell.
The orc wizard flickers and vanishes!
Deactivating autopickup; reactivate with Ctrl-A.
The orc priest begins to cast a cantrip, but forgets the words!
The orc priest calls down the wrath of Beogh upon you.
Pain shoots through your body!
The magic dart hits the orc priest.
The orc priest is moderately wounded.
The magic dart hits the orc priest but does no damage.
The orc priest is moderately wounded.
The orc priest hits you but does no damage.
You barely miss the orc priest.
The orc priest is moderately wounded.
You hear some strange, mumbled words.
A magic dart appears from out of thin air!
The magic dart hits you. The orc priest barely misses you. Something hits you.
The orc priest barely misses you.
You hit the orc priest but do no damage.
The orc priest is moderately wounded.
Something hits you but does no damage. The orc priest closely misses you.
You barely miss the orc priest.
The orc priest is moderately wounded.
Something hits you.
The orc priest hits you but does no damage.
You hear some strange, mumbled words.
A magic dart appears from out of thin air!
The magic dart hits you. The orc priest hits you with a +0 club.
You barely miss the orc priest.
The orc priest is moderately wounded.
The orc priest hits you with a +0 club. Something hits you.
It was a potion of attraction.
You feel attractive to monsters. Something hits you.
The orc priest mumbles some strange prayers to Beogh against you.
Beogh smites you!
You die...

#.......###.#.##.###..o.......
#...................o<.....)..
#######.###.....##########....
#######..# ###...# .#.
.....##.######...# ..
.................# #
.............##..#
...............{o#
................@#
...........##....#####
.........[.#.........#
.....................#
#..........#.........#####
##..†......#.............#
#..........#..)..........#
#....................)...#
#.........[..............#


You could see an orc priest.

Vanquished Creatures
  An ice beast (D:4)
  A bullfrog (D:3)
  Crazy Yiuf (D:2)
  A hound (D:4)
  3 gnolls (D:3)
  4 adders
  A worm (D:4)
  2 dart slugs (D:1)
  6 orcs
  10 endoplasms
  2 giant cockroaches (D:1)
  9 goblins
  3 hobgoblins
  7 kobolds
  3 quokkas
  4 ball pythons
  10 bats
  4 frilled lizards
  11 rats
83 creatures vanquished.

Notes
Turn   | Place    | Note
-------+----------+-------------------------------------------
     0 | D:1      | Heoruswealwe the Deep Elf Conjurer began the quest for the
                  | Orb.
     0 | D:1      | Reached XP level 1. HP: 10/10 MP: 6/6
   196 | D:1      | Reached XP level 2. HP: 15/15 MP: 4/8
   199 | D:1      | Learned a level 2 spell: Searing Ray
   609 | D:1      | You fall into a shaft and drop 1 floor!
   770 | D:2      | Reached XP level 3. HP: 19/19 MP: 7/10
   771 | D:2      | Reached skill level 5 in Conjurations
   776 | D:2      | Learned a level 3 spell: Dazzling Flash
   935 | D:2      | Found Rathee's Weapon Emporium.
   943 | D:2      | Bought a +0 scimitar for 56 gold pieces
  1286 | D:2      | Found a runed translucent door.
  1287 | D:2      | Noticed Crazy Yiuf
  1295 | D:2      | Killed Crazy Yiuf
  1296 | D:2      | Reached XP level 4. HP: 12/24 MP: 4/12
  1301 | D:2      | Learned a level 4 spell: Fulminant Prism
  1393 | D:2      | Reached skill level 5 in Spellcasting
  1673 | D:3      | Reached XP level 5. HP: 22/28 MP: 7/14
  1710 | D:3      | Learned a level 4 spell: Iskenderun's Mystic Blast
  1913 | D:3      | Found a faded altar of an unknown god.
  2295 | D:4      | Reached XP level 6. HP: 32/32 MP: 5/17
  2351 | D:4      | Noticed an ice beast
  2381 | D:4      | Killed an ice beast
  2433 | D:4      | Killed from afar by an orc priest

Illustrated notes

Levels and vault maps discovered:
D:1:      lightli_arrival_quake, layout_basic
D:2:      layout_loops_cross, serial_shops, nicolae_shop_hallway_stairs,
          kennysheep_decorative_pillar, minmay_three_crescents,
          uniq_crazy_yiuf_cottage
D:3:      layout_loops_ring, ebering_ecumenical_altar_hall
D:4:      layout_rooms, kennysheep_generic_room_12

Skill      XL: |  1  2  3  4  5 |
---------------+----------------+-----
Spellcasting   | 4 5 6 |  6.8
Conjurations   | 5 6 |  6.7
Dodging        | |  2.4
Stealth        | |  2.4

Action                     |  1- 3 |  4- 6 || total
---------------------------+-------+-------++-------
  Melee: Scimitar          |     2 |     6 ||     8
         Long sword        |     2 |       ||     2
   Cast: Magic Dart        |    74 |    62 ||   136
         Searing Ray       |     2 |     5 ||     7
    Use: Scroll            |     3 |     2 ||     5
         Potion            |       |     1 ||     1
 Armour: Robe              |       |     6 ||     6
  Dodge: Dodged            |     7 |     7 ||    14
